MapleLeafs vs Lightning

Created - February 13 2008 at 19:55

Goals
1 2 3 T
MapleLeafs 0 0 1 1
Lightning 2 0 2 4
Shots
1 2 3 T
MapleLeafs 4 6 14 24
Lightning 10 5 10 25

Period #1

1. Lightning , Jaromir Jagr 28 (Mats Sundin, Vaclav Prospal) at 3:34
2. Lightning , Mats Sundin 23 (Jaromir Jagr, Chris Phillips) at 16:33

Penalties :
Vincent Lecavalier (TBL) for Hooking (Minor) at 0:27, Paul Ranger (TOR) for Tripping (Minor) at 10:25, Jason Arnott (TOR) for Roughing (Minor) at 10:44

Period #2

No Goal

Penalties :
Ian Laperriere (TOR) for Interference (Minor) at 1:45, Niklas Hagman (TOR) for Hooking (Minor) at 11:27, Andreas Lilja (TOR) for Hooking (Minor) at 16:19, Nolan Pratt (TBL) for Tripping (Minor) at 18:25

Period #3

3. Lightning , Jay Pandolfo 7 (Willie Mitchell, Vincent Lecavalier) at 6:19 (SH)
4. Lightning , Jason Blake 27 (Dimitry Afanasenkov, Willie Mitchell) at 11:24
5. MapleLeafs , Barret Jackman 5 (Jason Arnott, Greg Zanon) at 19:26 (PP)

Penalties :
Nolan Pratt (TBL) for Tripping (Minor) at 4:49, Vaclav Prospal (TBL) for Hooking (Minor) at 8:11, Fedor Tyutin (TOR) for Tripping (Minor) at 13:45, Barret Jackman (TOR) for High sticking (Minor) at 14:19, Cory Sarich (TBL) for Tripping (Minor) at 18:34

Goalie Stats

Patrick Lalime (TOR), 21 saves from 25 shots - (0.840), L, 0-8-0, 60:00 minutes
Marc Denis (TBL), 23 saves from 24 shots - (0.958), W, 2-5-0, 60:00 minutes

Players Stats

MapleLeafs
Player Name              G  A  P  +/- PIM S  H  SB FO MP 
-----------------------------------------------------------
Alexander Steen          0  0  0  -1  0   0  0  0  0  3  
Alexei Ponikarovsky      0  0  0   0  0   2  2  0  6  20 
Andreas Lilja            0  0  0  -1  2   0  4  0  0  21 
Barret Jackman           1  0  1  -1  2   1  0  0  0  22 
Ethan Moreau             0  0  0  -1  0   0  3  0  0  18 
Fedor Tyutin             0  0  0  -2  2   1  1  0  0  19 
Greg Zanon               0  1  1  -1  0   1  0  2  0  23 
Ian Laperriere           0  0  0  -2  2   2  5  0  2  19 
Ian White                0  0  0  -2  0   0  0  3  0  14 
Jason Arnott             0  1  1  -2  2   3  0  0  28 23 
Jeff O'Neill             0  0  0   0  0   3  0  0  2  17 
Matt Greene              0  0  0   0  0   0  0  0  0  3  
Matt Stajan              0  0  0  -2  0   3  0  0  17 18 
Michael Peca             0  0  0  -1  0   0  0  0  11 8  
Niklas Hagman            0  0  0  -2  2   1  1  0  0  14 
Paul Ranger              0  0  0  -1  2   1  4  3  0  22 
Simon Gagne              0  0  0   0  0   3  0  0  1  20 
Stephen Weiss            0  0  0  -1  0   3  0  0  12 19 
Lightning
Player Name              G  A  P  +/- PIM S  H  SB FO MP 
-----------------------------------------------------------
Andrew Ladd              0  0  0   0  0   0  1  0  0  11 
Antti Laaksonen          0  0  0   0  0   1  0  0  1  18 
Carlo Colaiacovo         0  0  0   0  0   0  0  0  0  19 
Chris Phillips           0  1  1   4  0   0  0  1  0  26 
Cory Sarich              0  0  0   0  2   0  1  0  0  25 
Dimitry Afanasenkov      0  1  1   1  0   0  1  0  2  7  
Eric Lindros             0  0  0   1  0   0  0  0  1  5  
Jaromir Jagr             1  1  2   2  0   3  1  0  3  22 
Jason Blake              1  0  1   1  0   5  0  0  2  19 
Jay Pandolfo             1  0  1   1  0   3  2  0  0  16 
Mats Sundin              1  1  2   2  0   6  0  0  31 25 
Nolan Pratt              0  0  0   1  4   0  0  1  0  20 
Ruslan Fedotenko         0  0  0   0  0   0  2  0  1  6  
Tim Taylor               0  0  0   0  0   1  0  2  16 20 
Tom Poti                 0  0  0   0  0   0  0  1  0  1  
Vaclav Prospal           0  1  1   2  2   0  3  0  3  21 
Vincent Lecavalier       0  1  1   2  2   5  1  0  19 22 
Willie Mitchell          0  2  2   2  0   1  3  2  0  24 

3 Stars

1 - Jaromir Jagr (TBL)
2 - Mats Sundin (TBL)
3 - Willie Mitchell (TBL)

Power Play

MapleLeafs - 1 on 5 Attempt(s) - 20.00%
Lightning - 0 on 7 Attempt(s) - 0.00%

Penalty Kill

MapleLeafs - 7 on 7 Attempt(s) - 100.00% - Score 0 goal in Penalty Kill
Lightning - 4 on 5 Attempt(s) - 80.00% - Score 1 goal in Penalty Kill

Game Notes

Tom Poti is injured at 0:06 of 1st period (Bruised Left Arm)

Finance

Level 1 -- Attendance: 3672 (60.44%) -- Ticket Income $367,200.00
Level 2 -- Attendance: 3537 (63.17%) -- Ticket Income $212,220.00
Level 3 -- Attendance: 1105 (40.42%) -- Ticket Income $44,200.00
Level 4 -- Attendance: 1720 (39.54%) -- Ticket Income $60,200.00
Luxury Box -- Attendance: 433 (43.30%) -- Ticket Income $129,900.00
Game was played at the St. Pete Times Forum
Total Attendance: 10467 (52.98%)
Total Ticket Income: $883,258.40
Other Income: $175,148.10
Total Income: $1,058,406.00


Play by Play

Period #1

0:01 of 1st period - Jason Arnott wins face-off versus Mats Sundin in neutral zone.
0:06 of 1st period - Shot by Jason Arnott.
0:06 of 1st period - Shot Blocked by Tom Poti.
0:06 of 1st period - Tom Poti from Lightning is injured at 0:06 of 1st period (Bruised Left Arm).
0:07 of 1st period - Vincent Lecavalier wins face-off versus Stephen Weiss in Lightning zone.
0:19 of 1st period - Jason Blake is hit by Paul Ranger and loses puck.
0:27 of 1st period - Minor Penalty to Vincent Lecavalier for Hooking.
0:28 of 1st period - Jason Arnott wins face-off versus Tim Taylor in neutral zone.
1:12 of 1st period - Shot by Simon Gagne.
1:12 of 1st period - Shot Misses the Net.
2:34 of 1st period - Vincent Lecavalier is hit by Ian Laperriere and loses puck.
3:34 of 1st period - Shot by Jaromir Jagr.
3:34 of 1st period - Goal by Jaromir Jagr - MapleLeafs : 0 - Lightning : 1.
3:35 of 1st period - Tim Taylor wins face-off versus Jason Arnott in neutral zone.
3:49 of 1st period - Icing by Jeff O'Neill.
3:50 of 1st period - Jason Arnott wins face-off versus Vincent Lecavalier in MapleLeafs zone.
3:54 of 1st period - Icing by Jason Arnott.
3:55 of 1st period - Mats Sundin wins face-off versus Jason Arnott in MapleLeafs zone.
3:58 of 1st period - Shot by Mats Sundin.
3:58 of 1st period - Shot Misses the Net.
5:13 of 1st period - Shot by Stephen Weiss.
5:13 of 1st period - Stopped by Marc Denis without a rebound.
5:14 of 1st period - Tim Taylor wins face-off versus Matt Stajan in Lightning zone.
5:41 of 1st period - Shot by Matt Stajan.
5:41 of 1st period - Stopped by Marc Denis with a rebound.
5:43 of 1st period - Shot by Ethan Moreau.
5:43 of 1st period - Shot Misses the Net.
6:00 of 1st period - Icing by Nolan Pratt.
6:01 of 1st period - Tim Taylor wins face-off versus Jason Arnott in Lightning zone.
6:22 of 1st period - Shot by Simon Gagne.
6:22 of 1st period - Shot Blocked by Tim Taylor.
6:52 of 1st period - Shot by Alexei Ponikarovsky.
6:52 of 1st period - Shot Hit the Post.
6:54 of 1st period - Shot by Ian Laperriere.
6:54 of 1st period - Shot Misses the Net.
8:30 of 1st period - Jaromir Jagr is hit by Fedor Tyutin.
8:32 of 1st period - Shot by Mats Sundin.
8:32 of 1st period - Stopped by Patrick Lalime without a rebound.
8:33 of 1st period - Mats Sundin wins face-off versus Jason Arnott in MapleLeafs zone.
8:59 of 1st period - Shot by Jeff O'Neill.
8:59 of 1st period - Stopped by Marc Denis without a rebound.
9:00 of 1st period - Mats Sundin wins face-off versus Matt Stajan in Lightning zone.
9:00 of 1st period - Mats Sundin is hit by Niklas Hagman.
9:49 of 1st period - Ian White is hit by Dimitry Afanasenkov and loses puck.
10:11 of 1st period - Icing by Andrew Ladd.
10:12 of 1st period - Jason Arnott wins face-off versus Dimitry Afanasenkov in Lightning zone.
10:13 of 1st period - Shot by Simon Gagne.
10:13 of 1st period - Stopped by Marc Denis without a rebound.
10:14 of 1st period - Tim Taylor wins face-off versus Stephen Weiss in Lightning zone.
10:14 of 1st period - Tim Taylor is hit by Alexei Ponikarovsky.
10:24 of 1st period - Shot by Jason Blake.
10:24 of 1st period - Stopped by Patrick Lalime with a rebound.
10:25 of 1st period - Minor Penalty to Paul Ranger for Tripping.
10:26 of 1st period - Mats Sundin wins face-off versus Jason Arnott in MapleLeafs zone.
10:44 of 1st period - Minor Penalty to Jason Arnott for Roughing.
10:45 of 1st period - Vincent Lecavalier wins face-off versus Ian Laperriere in Lightning zone.
10:50 of 1st period - Andreas Lilja is hit by Vaclav Prospal and loses puck.
10:55 of 1st period - Shot by Vincent Lecavalier.
10:55 of 1st period - Stopped by Patrick Lalime with a rebound.
12:37 of 1st period - Paul Ranger is hit by Ruslan Fedotenko and loses puck.
13:30 of 1st period - Shot by Jason Blake.
13:30 of 1st period - Stopped by Patrick Lalime with a rebound.
13:32 of 1st period - Shot by Carlo Colaiacovo.
13:32 of 1st period - Shot Misses the Net.
13:36 of 1st period - Shot by Jason Blake.
13:36 of 1st period - Shot Blocked by Ian White.
13:38 of 1st period - Shot by Tim Taylor.
13:38 of 1st period - Stopped by Patrick Lalime with a rebound.
13:40 of 1st period - Shot by Tim Taylor.
13:40 of 1st period - Deflect By Jason Blake.
13:40 of 1st period - Stopped by Patrick Lalime with a rebound.
13:42 of 1st period - Shot by Tim Taylor.
13:42 of 1st period - Shot Misses the Net.
13:46 of 1st period - Shot by Jason Blake.
13:46 of 1st period - Deflect By Jay Pandolfo.
13:46 of 1st period - Stopped by Patrick Lalime without a rebound.
13:47 of 1st period - Mats Sundin wins face-off versus Stephen Weiss in MapleLeafs zone.
14:29 of 1st period - Shot by Dimitry Afanasenkov.
14:29 of 1st period - Deflect By Vincent Lecavalier.
14:29 of 1st period - Stopped by Patrick Lalime without a rebound.
14:30 of 1st period - Jason Arnott wins face-off versus Tim Taylor in MapleLeafs zone.
15:33 of 1st period - Alexei Ponikarovsky is hit by Andrew Ladd and loses puck.
16:33 of 1st period - Shot by Mats Sundin.
16:33 of 1st period - Goal by Mats Sundin - MapleLeafs : 0 - Lightning : 2.
16:34 of 1st period - Mats Sundin wins face-off versus Jason Arnott in neutral zone.
18:04 of 1st period - Icing by Carlo Colaiacovo.
18:05 of 1st period - Tim Taylor wins face-off versus Michael Peca in Lightning zone.
19:59 of 1st period - Vincent Lecavalier is hit by Paul Ranger and loses puck.

Period #2

0:01 of 2nd period - Mats Sundin wins face-off versus Jason Arnott in neutral zone.
0:22 of 2nd period - Shot by Mats Sundin.
0:22 of 2nd period - Stopped by Patrick Lalime with a rebound.
0:26 of 2nd period - Shot by Mats Sundin.
0:26 of 2nd period - Shot Misses the Net.
0:28 of 2nd period - Shot by Jaromir Jagr.
0:28 of 2nd period - Shot Misses the Net.
0:40 of 2nd period - Icing by Jaromir Jagr.
0:41 of 2nd period - Vaclav Prospal wins face-off versus Stephen Weiss in Lightning zone.
0:41 of 2nd period - Mats Sundin is hit by Ian Laperriere.
1:33 of 2nd period - Antti Laaksonen is hit by Paul Ranger and loses puck.
1:45 of 2nd period - Minor Penalty to Ian Laperriere for Interference.
1:46 of 2nd period - Michael Peca wins face-off versus Vincent Lecavalier in neutral zone.
4:05 of 2nd period - Shot by Simon Gagne.
4:05 of 2nd period - Shot Misses the Net.
4:31 of 2nd period - Shot by Stephen Weiss.
4:31 of 2nd period - Shot Misses the Net.
4:33 of 2nd period - Shot by Alexei Ponikarovsky.
4:33 of 2nd period - Shot Blocked by Nolan Pratt.
4:37 of 2nd period - Shot by Stephen Weiss.
4:37 of 2nd period - Shot Blocked by Tim Taylor.
4:39 of 2nd period - Shot by Alexei Ponikarovsky.
4:39 of 2nd period - Shot Misses the Net.
4:41 of 2nd period - Shot by Ian Laperriere.
4:41 of 2nd period - Stopped by Marc Denis without a rebound.
4:42 of 2nd period - Matt Stajan wins face-off versus Vincent Lecavalier in Lightning zone.
4:58 of 2nd period - Off-side.
4:59 of 2nd period - Vincent Lecavalier wins face-off versus Alexei Ponikarovsky in neutral zone.
5:35 of 2nd period - Icing by Paul Ranger.
5:36 of 2nd period - Stephen Weiss wins face-off versus Tim Taylor in MapleLeafs zone.
5:36 of 2nd period - Stephen Weiss is hit by Jay Pandolfo.
6:02 of 2nd period - Shot by Jason Arnott.
6:02 of 2nd period - Stopped by Marc Denis without a rebound.
6:03 of 2nd period - Mats Sundin wins face-off versus Matt Stajan in Lightning zone.
6:03 of 2nd period - Mats Sundin is hit by Ethan Moreau.
6:17 of 2nd period - Shot by Jaromir Jagr.
6:17 of 2nd period - Shot Misses the Net.
6:34 of 2nd period - Shot by Mats Sundin.
6:34 of 2nd period - Stopped by Patrick Lalime without a rebound.
6:35 of 2nd period - Vincent Lecavalier wins face-off versus Jason Arnott in MapleLeafs zone.
6:44 of 2nd period - Shot by Vincent Lecavalier.
6:44 of 2nd period - Deflect By Andrew Ladd.
6:44 of 2nd period - Shot Misses the Net.
6:46 of 2nd period - Shot by Jason Blake.
6:46 of 2nd period - Deflect By Vincent Lecavalier.
6:46 of 2nd period - Stopped by Patrick Lalime without a rebound.
6:47 of 2nd period - Jason Arnott wins face-off versus Tim Taylor in MapleLeafs zone.
7:54 of 2nd period - Vincent Lecavalier is hit by Alexei Ponikarovsky and loses puck.
8:26 of 2nd period - Icing by Ethan Moreau.
8:27 of 2nd period - Mats Sundin wins face-off versus Matt Stajan in MapleLeafs zone.
8:54 of 2nd period - Fedor Tyutin is hit by Vaclav Prospal and loses puck.
9:16 of 2nd period - Tim Taylor is hit by Ethan Moreau and loses puck.
9:27 of 2nd period - Shot by Jeff O'Neill.
9:27 of 2nd period - Stopped by Marc Denis without a rebound.
9:28 of 2nd period - Vincent Lecavalier wins face-off versus Jason Arnott in Lightning zone.
9:45 of 2nd period - Shot by Simon Gagne.
9:45 of 2nd period - Shot Blocked by Willie Mitchell.
9:47 of 2nd period - Shot by Greg Zanon.
9:47 of 2nd period - Stopped by Marc Denis with a rebound.
10:40 of 2nd period - Shot by Ian Laperriere.
10:40 of 2nd period - Deflect By Stephen Weiss.
10:40 of 2nd period - Stopped by Marc Denis without a rebound.
10:41 of 2nd period - Stephen Weiss wins face-off versus Jaromir Jagr in Lightning zone.
11:13 of 2nd period - Jaromir Jagr is hit by Andreas Lilja and loses puck.
11:27 of 2nd period - Minor Penalty to Niklas Hagman for Hooking.
11:28 of 2nd period - Mats Sundin wins face-off versus Michael Peca in Lightning zone.
11:44 of 2nd period - Shot by Chris Phillips.
11:44 of 2nd period - Shot Misses the Net.
12:14 of 2nd period - Icing by Chris Phillips.
12:15 of 2nd period - Mats Sundin wins face-off versus Matt Stajan in Lightning zone.
13:02 of 2nd period - Off-side.
13:03 of 2nd period - Vincent Lecavalier wins face-off versus Matt Stajan in neutral zone.
14:16 of 2nd period - Ian White is hit by Cory Sarich and loses puck.
14:36 of 2nd period - Jason Arnott is hit by Willie Mitchell and loses puck.
15:20 of 2nd period - Icing by Chris Phillips.
15:21 of 2nd period - Vincent Lecavalier wins face-off versus Matt Stajan in Lightning zone.
15:48 of 2nd period - Shot by Matt Stajan.
15:48 of 2nd period - Deflect By Niklas Hagman.
15:48 of 2nd period - Stopped by Marc Denis with a rebound.
16:19 of 2nd period - Minor Penalty to Andreas Lilja for Hooking.
16:20 of 2nd period - Michael Peca wins face-off versus Mats Sundin in MapleLeafs zone.
16:26 of 2nd period - Icing by Cory Sarich.
16:27 of 2nd period - Mats Sundin wins face-off versus Michael Peca in Lightning zone.
17:30 of 2nd period - Icing by Vincent Lecavalier.
17:31 of 2nd period - Vincent Lecavalier wins face-off versus Matt Stajan in Lightning zone.
18:05 of 2nd period - Off-side.
18:06 of 2nd period - Vincent Lecavalier wins face-off versus Alexei Ponikarovsky in neutral zone.
18:17 of 2nd period - Shot by Jaromir Jagr.
18:17 of 2nd period - Stopped by Patrick Lalime without a rebound.
18:18 of 2nd period - Michael Peca wins face-off versus Mats Sundin in MapleLeafs zone.
18:18 of 2nd period - Michael Peca is hit by Ruslan Fedotenko.
18:24 of 2nd period - Shot by Stephen Weiss.
18:24 of 2nd period - Shot Misses the Net.
18:25 of 2nd period - Minor Penalty to Nolan Pratt for Tripping.
18:26 of 2nd period - Mats Sundin wins face-off versus Jason Arnott in Lightning zone.
19:17 of 2nd period - Shot by Stephen Weiss.
19:17 of 2nd period - Shot Misses the Net.
19:19 of 2nd period - Shot by Paul Ranger.
19:19 of 2nd period - Shot Misses the Net.
19:21 of 2nd period - Shot by Ethan Moreau.
19:21 of 2nd period - Shot Misses the Net.
19:23 of 2nd period - Shot by Paul Ranger.
19:23 of 2nd period - Shot Misses the Net.
19:25 of 2nd period - Shot by Alexei Ponikarovsky.
19:25 of 2nd period - Shot Misses the Net.
19:29 of 2nd period - Shot by Stephen Weiss.
19:29 of 2nd period - Shot Misses the Net.
19:31 of 2nd period - Shot by Paul Ranger.
19:31 of 2nd period - Shot Misses the Net.
19:42 of 2nd period - Icing by Simon Gagne.
19:43 of 2nd period - Mats Sundin wins face-off versus Jason Arnott in MapleLeafs zone.
19:46 of 2nd period - Shot by Mats Sundin.
19:46 of 2nd period - Stopped by Patrick Lalime without a rebound.
19:47 of 2nd period - Alexei Ponikarovsky wins face-off versus Mats Sundin in MapleLeafs zone.

Period #3

0:01 of 3rd period - Mats Sundin wins face-off versus Jason Arnott in neutral zone.
0:06 of 3rd period - Icing by Jeff O'Neill.
0:07 of 3rd period - Jason Arnott wins face-off versus Tim Taylor in MapleLeafs zone.
0:35 of 3rd period - Jason Arnott is hit by Willie Mitchell and loses puck.
0:43 of 3rd period - Simon Gagne is hit by Willie Mitchell and loses puck.
0:48 of 3rd period - Shot by Jeff O'Neill.
0:48 of 3rd period - Stopped by Marc Denis without a rebound.
0:49 of 3rd period - Jason Arnott wins face-off versus Mats Sundin in Lightning zone.
1:10 of 3rd period - Shot by Jaromir Jagr.
1:10 of 3rd period - Stopped by Patrick Lalime without a rebound.
1:11 of 3rd period - Alexei Ponikarovsky wins face-off versus Mats Sundin in MapleLeafs zone.
1:16 of 3rd period - Shot by Ian Laperriere.
1:16 of 3rd period - Stopped by Marc Denis without a rebound.
1:17 of 3rd period - Mats Sundin wins face-off versus Alexei Ponikarovsky in Lightning zone.
1:30 of 3rd period - Shot by Alexei Ponikarovsky.
1:30 of 3rd period - Stopped by Marc Denis without a rebound.
1:31 of 3rd period - Jason Arnott wins face-off versus Jaromir Jagr in Lightning zone.
1:53 of 3rd period - Barret Jackman is hit by Vincent Lecavalier.
1:59 of 3rd period - Shot by Jason Arnott.
1:59 of 3rd period - Stopped by Marc Denis without a rebound.
2:00 of 3rd period - Mats Sundin wins face-off versus Alexei Ponikarovsky in Lightning zone.
2:07 of 3rd period - Shot by Alexei Ponikarovsky.
2:07 of 3rd period - Deflect By Stephen Weiss.
2:07 of 3rd period - Shot Misses the Net.
2:25 of 3rd period - Shot by Mats Sundin.
2:25 of 3rd period - Stopped by Patrick Lalime without a rebound.
2:26 of 3rd period - Simon Gagne wins face-off versus Vincent Lecavalier in MapleLeafs zone.
2:41 of 3rd period - Shot by Alexei Ponikarovsky.
2:41 of 3rd period - Stopped by Marc Denis with a rebound.
2:43 of 3rd period - Shot by Fedor Tyutin.
2:43 of 3rd period - Stopped by Marc Denis with a rebound.
2:47 of 3rd period - Shot by Simon Gagne.
2:47 of 3rd period - Shot Blocked by Chris Phillips.
2:49 of 3rd period - Shot by Simon Gagne.
2:49 of 3rd period - Shot Hit the Post.
2:51 of 3rd period - Shot by Paul Ranger.
2:51 of 3rd period - Stopped by Marc Denis with a rebound.
3:49 of 3rd period - Icing by Jaromir Jagr.
3:50 of 3rd period - Mats Sundin wins face-off versus Matt Stajan in Lightning zone.
4:21 of 3rd period - Icing by Mats Sundin.
4:22 of 3rd period - Jason Arnott wins face-off versus Mats Sundin in Lightning zone.
4:28 of 3rd period - Icing by Jaromir Jagr.
4:29 of 3rd period - Jeff O'Neill wins face-off versus Mats Sundin in Lightning zone.
4:34 of 3rd period - Shot by Simon Gagne.
4:34 of 3rd period - Stopped by Marc Denis without a rebound.
4:35 of 3rd period - Vincent Lecavalier wins face-off versus Jason Arnott in Lightning zone.
4:49 of 3rd period - Minor Penalty to Nolan Pratt for Tripping.
4:50 of 3rd period - Tim Taylor wins face-off versus Stephen Weiss in Lightning zone.
5:35 of 3rd period - Shot by Jason Arnott.
5:35 of 3rd period - Deflect By Simon Gagne.
5:35 of 3rd period - Stopped by Marc Denis without a rebound.
5:36 of 3rd period - Jason Blake wins face-off versus Stephen Weiss in Lightning zone.
5:43 of 3rd period - Jay Pandolfo is hit by Ian Laperriere.
5:47 of 3rd period - Shot by Jason Arnott.
5:47 of 3rd period - Shot Misses the Net.
6:15 of 3rd period - Shot by Jay Pandolfo.
6:15 of 3rd period - Shot Blocked by Paul Ranger.
6:17 of 3rd period - Shot by Willie Mitchell.
6:17 of 3rd period - Shot Blocked by Paul Ranger.
6:19 of 3rd period - Shot by Jay Pandolfo.
6:19 of 3rd period - Goal by Jay Pandolfo - MapleLeafs : 0 - Lightning : 3.
6:20 of 3rd period - Tim Taylor wins face-off versus Matt Stajan in neutral zone.
6:57 of 3rd period - Shot by Ian White.
6:57 of 3rd period - Deflect By Matt Stajan.
6:57 of 3rd period - Stopped by Marc Denis with a rebound.
6:59 of 3rd period - Shot by Matt Stajan.
6:59 of 3rd period - Stopped by Marc Denis without a rebound.
7:00 of 3rd period - Eric Lindros wins face-off versus Matt Stajan in Lightning zone.
7:38 of 3rd period - Vincent Lecavalier is hit by Ian Laperriere and loses puck.
8:05 of 3rd period - Shot by Antti Laaksonen.
8:05 of 3rd period - Stopped by Patrick Lalime without a rebound.
8:06 of 3rd period - Jeff O'Neill wins face-off versus Jaromir Jagr in MapleLeafs zone.
8:06 of 3rd period - Jeff O'Neill is hit by Vaclav Prospal.
8:11 of 3rd period - Minor Penalty to Vaclav Prospal for Hooking.
8:12 of 3rd period - Jason Arnott wins face-off versus Tim Taylor in neutral zone.
8:12 of 3rd period - Jason Arnott is hit by Jaromir Jagr.
9:02 of 3rd period - Shot by Stephen Weiss.
9:02 of 3rd period - Stopped by Marc Denis without a rebound.
9:03 of 3rd period - Mats Sundin wins face-off versus Stephen Weiss in Lightning zone.
9:03 of 3rd period - Mats Sundin is hit by Ethan Moreau.
9:20 of 3rd period - Icing by Andreas Lilja.
9:21 of 3rd period - Mats Sundin wins face-off versus Stephen Weiss in MapleLeafs zone.
10:12 of 3rd period - Shot by Simon Gagne.
10:12 of 3rd period - Shot Misses the Net.
11:06 of 3rd period - Shot by Tim Taylor.
11:06 of 3rd period - Shot Misses the Net.
11:08 of 3rd period - Shot by Andrew Ladd.
11:08 of 3rd period - Shot Blocked by Greg Zanon.
11:12 of 3rd period - Shot by Willie Mitchell.
11:12 of 3rd period - Stopped by Patrick Lalime without a rebound.
11:13 of 3rd period - Jason Blake wins face-off versus Michael Peca in MapleLeafs zone.
11:20 of 3rd period - Shot by Jason Blake.
11:20 of 3rd period - Shot Misses the Net.
11:24 of 3rd period - Shot by Jason Blake.
11:24 of 3rd period - Goal by Jason Blake - MapleLeafs : 0 - Lightning : 4.
11:25 of 3rd period - Stephen Weiss wins face-off versus Tim Taylor in neutral zone.
11:46 of 3rd period - Ian Laperriere is hit by Jay Pandolfo and loses puck.
12:27 of 3rd period - Icing by Stephen Weiss.
12:28 of 3rd period - Vincent Lecavalier wins face-off versus Stephen Weiss in MapleLeafs zone.
12:28 of 3rd period - Vincent Lecavalier is hit by Paul Ranger.
12:36 of 3rd period - Shot by Jason Blake.
12:36 of 3rd period - Shot Misses the Net.
12:40 of 3rd period - Shot by Jason Blake.
12:40 of 3rd period - Stopped by Patrick Lalime without a rebound.
12:41 of 3rd period - Dimitry Afanasenkov wins face-off versus Matt Stajan in MapleLeafs zone.
12:44 of 3rd period - Shot by Vincent Lecavalier.
12:44 of 3rd period - Stopped by Patrick Lalime with a rebound.
12:52 of 3rd period - Shot by Vincent Lecavalier.
12:52 of 3rd period - Stopped by Patrick Lalime without a rebound.
12:53 of 3rd period - Mats Sundin wins face-off versus Jason Arnott in MapleLeafs zone.
12:58 of 3rd period - Shot by Jaromir Jagr.
12:58 of 3rd period - Shot Misses the Net.
13:25 of 3rd period - Icing by Chris Phillips.
13:26 of 3rd period - Vaclav Prospal wins face-off versus Matt Stajan in Lightning zone.
13:30 of 3rd period - Off-side.
13:31 of 3rd period - Matt Stajan wins face-off versus Vincent Lecavalier in neutral zone.
13:34 of 3rd period - Shot by Ian White.
13:34 of 3rd period - Shot Blocked by Willie Mitchell.
13:45 of 3rd period - Minor Penalty to Fedor Tyutin for Tripping.
13:46 of 3rd period - Ruslan Fedotenko wins face-off versus Michael Peca in MapleLeafs zone.
14:18 of 3rd period - Shot by Jason Blake.
14:18 of 3rd period - Shot Blocked by Greg Zanon.
14:19 of 3rd period - Minor Penalty to Barret Jackman for High sticking.
14:20 of 3rd period - Vincent Lecavalier wins face-off versus Ian Laperriere in MapleLeafs zone.
14:21 of 3rd period - Shot by Jaromir Jagr.
14:21 of 3rd period - Shot Blocked by Paul Ranger.
15:12 of 3rd period - Icing by Carlo Colaiacovo.
15:13 of 3rd period - Tim Taylor wins face-off versus Michael Peca in Lightning zone.
15:15 of 3rd period - Icing by Ruslan Fedotenko.
15:16 of 3rd period - Michael Peca wins face-off versus Tim Taylor in Lightning zone.
16:01 of 3rd period - Off-side.
16:02 of 3rd period - Vincent Lecavalier wins face-off versus Michael Peca in neutral zone.
16:09 of 3rd period - Shot by Vincent Lecavalier.
16:09 of 3rd period - Shot Misses the Net.
16:18 of 3rd period - Shot by Jaromir Jagr.
16:18 of 3rd period - Shot Misses the Net.
16:20 of 3rd period - Shot by Jay Pandolfo.
16:20 of 3rd period - Stopped by Patrick Lalime with a rebound.
16:24 of 3rd period - Shot by Nolan Pratt.
16:24 of 3rd period - Shot Blocked by Ian White.
16:26 of 3rd period - Shot by Antti Laaksonen.
16:26 of 3rd period - Shot Blocked by Ian White.
16:51 of 3rd period - Icing by Matt Stajan.
16:52 of 3rd period - Mats Sundin wins face-off versus Matt Stajan in MapleLeafs zone.
17:22 of 3rd period - Jaromir Jagr is hit by Andreas Lilja and loses puck.
17:42 of 3rd period - Jason Blake is hit by Ian Laperriere and loses puck.
18:02 of 3rd period - Vincent Lecavalier is hit by Andreas Lilja.
18:06 of 3rd period - Shot by Andrew Ladd.
18:06 of 3rd period - Shot Misses the Net.
18:09 of 3rd period - Vincent Lecavalier is hit by Andreas Lilja.
18:31 of 3rd period - Icing by Cory Sarich.
18:32 of 3rd period - Jason Arnott wins face-off versus Vincent Lecavalier in Lightning zone.
18:34 of 3rd period - Minor Penalty to Cory Sarich for Tripping.
18:35 of 3rd period - Jason Arnott wins face-off versus Mats Sundin in Lightning zone.
19:02 of 3rd period - Shot by Jeff O'Neill.
19:02 of 3rd period - Deflect By Jason Arnott.
19:02 of 3rd period - Stopped by Marc Denis without a rebound.
19:03 of 3rd period - Jason Arnott wins face-off versus Antti Laaksonen in Lightning zone.
19:26 of 3rd period - Shot by Barret Jackman.
19:26 of 3rd period - Goal by Barret Jackman - MapleLeafs : 1 - Lightning : 4.
19:27 of 3rd period - Vaclav Prospal wins face-off versus Matt Stajan in neutral zone.


Output by the SimonT Hockey Simulator (STHS) for Stephane Roy -- Original Page W3C XHTML 1.0 Valid